 Dungeon Crawl Stone Soup version 0.25.0-15-gac7dcb8919 (webtiles) character file.

Game seed: 4510172571189115626

139648 sentinel the Severer (level 16, 67/114 HPs)
             Began as a Gargoyle Fighter on June 28, 2020.
             Quit the game on level 4 of the Swamp.
             The game lasted 00:36:23 (27560 turns).

sentinel the Severer (Gargoyle Fighter)            Turns: 27560, Time: 00:36:23

Health: 67/114     AC: 39    Str: 26    XL:     16   Next: 99%
Magic:  22/22      EV: 11    Int:  8    God:
Gold:   1751       SH: 18    Dex:  9    Spells: 13/15 levels left

rFire    + . .     SeeInvis .   a - +3 broad axe (freeze)
rCold    + . .     Gourm    .   B - +0 kite shield
rNeg     + . .     Faith    .   L - +0 gold dragon scales
rPois    ∞         Spirit   .   X - +1 helmet
rElec    +         Reflect  +   G - scarf {+Inv}
rCorr    .         Harm     .   C - +2 pair of gloves
MR       ++...                  Z - +0 pair of boots
Stlth    ..........             j - amulet of reflection
HPRegen  0.29/turn              m - ring of protection from magic
MPRegen  0.18/turn              v - +4 ring of evasion

@: flying, very slightly contaminated, hasted, studying Charms, invisible, very
quick
A: big wings, thin metallic scales 1, dopey 1, negative energy resistance 1,
robust 1, electricity resistance, unbreathing, petrification resistance, rot
immunity, AC +12
}: 1/15 runes: decaying
a: Stop Flying


You were on level 4 of the Swamp.
You were hungry.

You visited 4 branches of the dungeon, and saw 27 of its levels.

You collected 6311 gold pieces.
You spent 4560 gold pieces at shops.

Inventory:

Hand Weapons
 a - a +3 broad axe of freezing (weapon)
 b - a +2 scimitar of flaming
 N - a +4 morningstar of protection
Missiles
 H - 2 throwing nets (quivered)
Armour
 B - a +0 kite shield (worn)
 C - a +2 pair of gloves (worn)
 G - a scarf of invisibility (worn)
 L - +0 gold dragon scales (worn)
 X - a +1 helmet (worn)
 Y - the +3 hat of Pondering {ponderous, MR+ MP+10 Int+5}
   (You took it off Gastronok on level 10 of the Dungeon)

   It affects your intelligence (+5).
   It affects your resistance to hostile enchantments.
   It affects your magic capacity (+10).
 Z - a +0 pair of boots (worn)
Jewellery
 j - an amulet of reflection (around neck)
 m - a ring of protection from magic (left hand)
 p - a +4 ring of protection
 v - a +4 ring of evasion (right hand)
 T - a cursed amulet of regeneration
Wands
 A - a wand of acid (15)
 D - a wand of digging (10)
 I - a wand of iceblast (29)
 O - a wand of clouds (3)
 P - a wand of paralysis (3)
 V - a wand of flame (50)
Scrolls
 c - a scroll of torment {unknown}
 f - a scroll of fog
 l - 6 scrolls of amnesia
 r - 10 scrolls of identify
 t - 9 scrolls of teleportation
 x - 7 scrolls of remove curse
 y - 2 scrolls of immolation
 z - a scroll of blinking
 E - 2 scrolls of vulnerability
 F - a scroll of holy word
 K - a scroll of summoning
 Q - a scroll of brand weapon
 W - 3 scrolls of fear
Potions
 d - a potion of might
 g - 4 potions of brilliance
 h - 2 potions of haste
 i - a potion of invisibility
 n - 3 potions of resistance
 o - a potion of cancellation
 q - 5 potions of curing
 s - 3 potions of ambrosia
 M - a potion of mutation
 R - 3 potions of stabbing
 S - 2 potions of flight
Books
 k - a manual of Charms
Miscellaneous
 J - a lightning rod (4/4)
Comestibles
 e - 40 rations


   Skills:
 - Level 13.0 Fighting
 - Level 3.9 Long Blades
 * Level 16.9 Axes
 + Level 11.1 Armour
 - Level 6.0 Dodging
 - Level 12.0 Shields
 + Level 5.7 Translocations
 + Level 9.3 Evocations


You had 13 spell levels left.
You knew the following spells:

 Your Spells              Type           Power        Failure   Level  Hunger
b - Animate Skeleton      Necr           N/A          100%        1    ##.....
g - Apportation           Tloc           #.....       91%         1    ##.....

Your spell library contained the following spells:

 Spells                   Type           Power        Failure   Level  Hunger
 Blink                    Tloc           N/A          97%         2    ###....
 Beastly Appendage        Tmut           #.....       100%        1    ##.....
 Corona                   Hex            #......      100%        1    ##.....
 Magic Dart               Conj           #...         100%        1    ##.....
 Summon Small Mammal      Summ           #...         100%        1    ##.....
 Call Imp                 Summ           #.......     100%        2    ###....
 Slow                     Hex            #.......     100%        2    ###....
 Sticks to Snakes         Tmut           #.......     100%        2    ###....
 Conjure Flame            Conj/Fire      #.......     100%        3    ####...
 Mephitic Cloud           Conj/Pois/Air  #.......     100%        3    ####...
 Recall                   Summ/Tloc      N/A          100%        3    ####...
 Spider Form              Tmut/Pois      #.........   100%        3    ####...
 Ice Form                 Ice/Tmut       #.......     100%        4    #####..
 Aura of Abjuration       Summ           #.........   100%        5    ######.
 Blade Hands              Tmut           #.........   100%        5    ######.
 Bolt of Magma            Conj/Fire/Erth #.........   100%        5    ######.
 Irradiate                Conj/Tmut      #.........   100%        5    ######.
 Iskenderun's Battlesphe  Conj/Chrm      #.......     100%        5    ######.
 Summon Demon             Summ           #.........   100%        5    ######.
 Summon Forest            Summ/Tloc      #.........   100%        5    ######.
 Summon Mana Viper        Hex/Summ       #.......     100%        5    ######.
 Hydra Form               Tmut           #.........   100%        6    #######
 Iron Shot                Conj/Erth      #.........   100%        6    #######
 Shadow Creatures         Summ           N/A          100%        6    #######
 Dragon Form              Tmut           #.........   100%        7    #######
 Orb of Destruction       Conj           #.........   100%        7    #######
 Spellforged Servitor     Conj/Summ      #.........   100%        7    #######
 Statue Form              Tmut/Erth      Unusable     N/A         6    N/A

Dungeon Overview and Level Annotations

Branches:
Dungeon (15/15)            Temple (0/1) D:5            Lair (6/6) D:9
  Swamp (4/4) Lair:3       Spider (0/4) Lair:3        Slime (0/5) Lair:5
    Orc (2/2) D:9             Elf (0/3) Orc:2        Vaults (0/5) D:14
 Depths (0/5) D:15

Altars:
Cheibriados
Elyvilon
Fedhas
Hepliaklqana
Nemelex Xobeh
Okawaru
Qazlal
Sif Muna
Trog
Yredelemnul
The Shining One

Shops:
D:4 !   Orc:1 *   Orc:2 =(([

Annotations:
D:6 2 transporters, p0werm0de's ghost, novice DDFi
D:7 Harold
Lair:5 exclusion: oklob plant
Lair:6 exclusion: oklob plant
Swamp:3 Jorgrun
Swamp:4 Lernaean hydra


Innate Abilities, Weirdness & Mutations

You are resistant to torment.
Your stone body is resilient. (AC +12)
You are immune to poison.
Your large and strong wings let you fly indefinitely.
You resist negative energy. (rN+)
You are resistant to electric shocks. (rElec)
You can survive without breathing.
You are immune to petrification.
You are immune to rotting.
You are partially covered in thin metallic scales. (AC +2)
You are dopey. (Int -2)
You are robust. (+10% HP)


Message History

You kill the swamp drake!
You slash the tentacled monstrosity! You freeze the tentacled monstrosity.
Your gold dragon scales prevents you from hitting the tentacled monstrosity.
You block the tentacled monstrosity's attack.
The tentacled monstrosity tentacle-slaps you but does no damage.
You block the tentacled monstrosity's attack.
The tentacled monstrosity grabs you.
The tentacled monstrosity constricts you.
You open the tentacled monstrosity like a pillowcase!!!
You freeze the tentacled monstrosity.
A swamp dragon comes into view.
You slice the tentacled monstrosity!! You freeze the tentacled monstrosity.
The tentacled monstrosity tentacle-slaps you but does no damage.
You block the tentacled monstrosity's attack. x2
The tentacled monstrosity constricts you.
You slash the tentacled monstrosity! You freeze the tentacled monstrosity.
You slash the tentacled monstrosity!
You kill the tentacled monstrosity!
Found a scroll of remove curse.
The swamp dragon breathes poison at you.
The swamp dragon breathes poison at you.
The blast of poison misses you.
You hear a roar!
You hear a deafening roar!
You hear a roar! x2
You slash the swamp dragon! You freeze the swamp dragon.
You hit the swamp dragon but do no damage.
A swamp dragon comes into view.
The swamp dragon bites you. You block the swamp dragon's attack. x2
You slice the swamp dragon!! You freeze the swamp dragon!
You slice the swamp dragon!! You freeze the swamp dragon.
You kill the swamp dragon!
A swamp dragon comes into view.
The swamp dragon roars deafeningly!
You hear a roar! x3
You hear a deafening roar!
The swamp dragon breathes poison at you.
The blast of poison engulfs you but does no damage.
You resist.
A four-headed hydra comes into view.
You hear a deafening roar! x2
A six-headed hydra comes into view.
You hear a roar!
You hear a deafening roar!
You hear a roar!
A swamp drake comes into view.
The swamp drake roars!
You hear a roar!
Found 13 arrows and 24 gold pieces.
You feel as though your hastened speed will last longer.
The swamp dragon barely misses you.
The swamp dragon claws you but does no damage.
You block the swamp dragon's attack.
The swamp dragon bites you but does no damage.
You block the swamp dragon's attack.
The swamp dragon tramples you but does no damage.
The four-headed hydra bites you but does no damage.
You block the four-headed hydra's attack.
The four-headed hydra bites you but does no damage.
You block the four-headed hydra's attack.
You fade into invisibility!
You are very lightly contaminated with residual magic.
You are feeling hungry.
The swamp dragon bites you but does no damage.
You block the swamp dragon's attack. x2
A swamp worm comes into view.
A six-headed hydra comes into view.
The six-headed hydra roars!
You hear a deafening roar!
You hear a roar! x3
A swamp dragon comes into view.
The six-headed hydra roars!
The swamp dragon roars deafeningly!
You hear a deafening roar!
You hear a roar!
The swamp dragon roars deafeningly!
You hear a roar!
You hear a deafening roar!
You hear a roar!
The six-headed hydra roars!
The swamp dragon roars deafeningly! 2 swamp drakes and 2 swamp dragons come into view.
The swamp dragon roars deafeningly!
The swamp drake roars! x2
A swamp drake comes into view.
A swamp dragon comes into view.
The swamp drake moves out of view.
Found a scroll of enchant armour and a ration.
A swamp worm comes into view.
The swamp dragon roars deafeningly!
The swamp drake roars!
The swamp dragon roars deafeningly!
The swamp drake roars! x3
You hear a roar!
You hear a crashing sound.
The swamp dragon roars deafeningly!
The swamp drake roars! x3 2 hydras come into view.
The swamp drake roars!
The swamp dragon roars deafeningly!
The swamp drake roars!
The eight-headed hydra roars!
The five-headed hydra roars!
You block the swamp worm's attack.
A swamp dragon comes into view.
The swamp dragon roars deafeningly!
The swamp drake roars!
The swamp dragon roars deafeningly!
The swamp drake roars!
The eight-headed hydra roars!
The swamp dragon roars deafeningly!
You hear a roar!
You block the swamp worm's attack.
The eight-headed hydra bites you but does no damage.
The eight-headed hydra bites you.
The eight-headed hydra bites you but does no damage.
You block the eight-headed hydra's attack.
The eight-headed hydra barely misses you.
The eight-headed hydra bites you but does no damage.
You block the eight-headed hydra's attack.
The eight-headed hydra barely misses you.
The swamp dragon moves out of view.
The 27-headed Lernaean hydra comes into view.
The swamp dragon roars deafeningly!
The swamp drake roars!
The 27-headed Lernaean hydra roars deafeningly!
The five-headed hydra roars!
You hear a roar!
A four-headed hydra comes into view.
The swamp dragon roars deafeningly!
The 27-headed Lernaean hydra roars deafeningly!
The five-headed hydra roars!
You hear a deafening roar!
The swamp worm fires a harpoon shot past the eight-headed hydra.
The eight-headed hydra bites you but does no damage.
You block the eight-headed hydra's attack.
The eight-headed hydra misses you.
You block the eight-headed hydra's attack.
The eight-headed hydra bites you.
The eight-headed hydra barely misses you.
The eight-headed hydra bites you but does no damage.
The eight-headed hydra closely misses you.
The swamp dragon roars deafeningly!
The 27-headed Lernaean hydra roars deafeningly!
The four-headed hydra roars!
The five-headed hydra roars!
You hear a roar!
The swamp dragon roars deafeningly!
The 27-headed Lernaean hydra roars deafeningly!
The four-headed hydra roars!
The five-headed hydra roars!
You hear a roar!
A swamp dragon comes into view.
You hear a roar!
You hear a deafening roar!
You hear a roar!
Blink to where?
As you read the scroll of blinking, it crumbles to dust.
A hydra and 2 swamp drakes come into view.
The swamp dragon roars deafeningly!
The eight-headed hydra roars!
The 27-headed Lernaean hydra roars deafeningly!
The four-headed hydra roars!
The swamp drake roars!
You block the eight-headed hydra's attack. x2
The eight-headed hydra bites you!
The eight-headed hydra bites you but does no damage.
You block the eight-headed hydra's attack.
The eight-headed hydra bites you but does no damage.
You block the eight-headed hydra's attack.
The eight-headed hydra misses you.
Blink to where?
As you read the scroll of blinking, it crumbles to dust.
The swamp dragon roars deafeningly!
The 27-headed Lernaean hydra roars deafeningly!
The swamp drake roars!
Found a decaying rune of Zot and a scroll of teleportation.
The swamp drake roars!
The swamp drake roars!
You see here a decaying rune of Zot.
Unknown command.
You pick up the decaying rune and feel its power.
Press } to see all the runes you have collected.
The 27-headed Lernaean hydra roars deafeningly!
The swamp drake roars!

.≈.♣≈.≈.§°.≈.≈≈≈.≈≈#%k.≈≈.♣♣#
.≈≈≈≈..≈.........≈#.≈≈DkD..#
≈..§≈.....§♣###≈?##≈..##.≈#
...≈≈§.≈..≈♣ ##.≈##≈###w≈#
..≈|≈...≈.♣♣ ###≈≈###≈D..#
♣≈♣♣...≈≈♣♣ ##.##≈≈≈≈≈≈.##
..≈≈≈≈ #♣..≈##.$§≈§##
#?.≈..#####D# #@≈.≈§.DD≈≈≈#
#...≈.§kD§k.# ##..≈###DDD##
##♣## #####


You could see the 27-headed Lernaean hydra (wandering), an eight-headed hydra, a
five-headed hydra, a four-headed hydra and a swamp drake (wandering).

Vanquished Creatures
  Rupert (D:12)
  A tentacled monstrosity (Swamp:4)
  Gastronok (D:10)
  A thorn hunter (Swamp:3)
  An orc warlord (Orc:2)
  Nessos (Lair:6)
  Erolcha (D:9)
  4 vault guards (D:14)
  12 hydras
  3 rakshasas
  4 ogre magi (Orc:2)
  A catoblepas (D:13)
  3 death knights
  An alligator snapping turtle (shapeshifter) (D:12)
  8 centaur warriors
  18 two-headed ogres
  2 alligators (Swamp:3)
  7 death yaks
  3 skeletal warriors
  A spriggan druid (Swamp:4)
  2 unseen horrors
  A flayed ghost (D:15)
  A swamp dragon (Swamp:4)
  A wizard (D:14)
  An orc knight (D:12)
  A shadow dragon zombie (D:15)
  A harpy (shapeshifter) (D:14)
  A necromancer (D:15)
  A stone giant zombie (D:15)
  2 wolf spiders (Lair:6)
  11 ugly things
  An orc sorcerer (Orc:2)
  5 cyclopes
  3 deep elf magi
  A frost giant zombie (D:15)
  A manticore (D:15)
  Maurice (D:9)
  A guardian serpent (Lair:6)
  8 elephants
  12 black mambas
  A torpor snail (Lair:2)
  3 rime drakes
  Maggie (D:9)
  6 komodo dragons
  16 spiny frogs
  3 gargoyles
  3 efreet
  6 centaur skeletons
  2 freezing wraiths
  A yaktaur (D:15)
  A kobold demonologist (D:14)
  2 tengu conjurers
  A queen bee (D:10)
  5 trolls
  A tyrant leech (Swamp:4)
  2 polar bears
  A fire dragon zombie (D:15)
  A bog body (Swamp:2)
  5 hornets
  6 dream sheep (Lair:2)
  11 hippogriffs
  6 slime creatures (D:14)
  13 blink frogs
  2 redbacks (Lair:6)
  4 shadows
  A wraith (D:12)
  9 wyverns
  A yak (shapeshifter) (D:14)
  32 yaks
  A human (D:12)
  5 basilisks
  5 hungry ghosts
  11 vampire mosquitoes
  2 swamp worms
  2 soldier ants
  2 acid dragons (Lair:6)
  21 porcupines
  Duvessa (D:7)
  20 water moccasins
  15 orc warriors
  2 swamp drakes
  4 black bears
  5 sky beasts
  3 ice beasts
  3 hornet zombies
  25 ogres
  7 phantoms
  A necrophage (D:12)
  6 wolves (Lair:5)
  22 centaurs
  12 crocodiles
  2 big kobolds
  Blork the orc (D:4)
  15 bullfrogs
  A gnoll sergeant (Orc:1)
  A wyvern zombie (D:13)
  A water moccasin zombie (D:9)
  Dowan (D:7)
  A wyvern skeleton (D:15)
  12 scorpions
  29 killer bees
  5 electric eels
  A howler monkey (D:12)
  8 crimson imps
  4 bullfrog zombies
  3 centaur zombies
  A quasit (D:13)
  4 hounds
  4 jellies
  6 orc priests
  12 orc wizards
  8 iguanas
  Jessica (D:2)
  2 bullfrog skeletons
  Ijyb (D:3)
  15 worker ants
  2 hound skeletons (D:6)
  A worker ant zombie (D:7)
  A howler monkey skeleton (D:6)
  10 gnolls
  10 adders
  7 shadow imps
  4 oozes
  An adder skeleton (D:6)
  3 adder zombies
  6 worms
  2 dart slugs
  2 leopard geckos
  61 orcs
  14 giant cockroaches
  2 gnoll zombies (D:3)
  8 goblins
  14 hobgoblins
  21 jackals
  11 quokkas
  2 ball pythons
  4 bats
  5 frilled lizards
  18 kobolds
  A leopard gecko skeleton (D:7)
  16 rats
  2 fungi (Lair:6)
  3 plants (Lair:6)
821 creatures vanquished.

Vanquished Creatures (others)
  An unseen horror (D:15)
  An ugly thing (D:14)
  A troll (D:14)
  An ogre (Orc:2)
  A bullfrog (D:14)
  A briar patch (Swamp:3)
  15 fungi
  31 plants
  A withered plant (D:15)
53 creatures vanquished.

Grand Total: 874 creatures vanquished

Notes
Turn   | Place    | Note
-------+----------+-------------------------------------------
     0 | D:1      | sentinel the Gargoyle Fighter began the quest for the Orb.
     0 | D:1      | Reached XP level 1. HP: 14/14 MP: 1/1
    55 | D:1      | Reached skill level 2 in Axes
   194 | D:1      | Reached XP level 2. HP: 19/19 MP: 2/2
   532 | D:1      | Reached XP level 3. HP: 19/23 MP: 3/3
   652 | D:2      | Reached XP level 4. HP: 21/29 MP: 4/4
   750 | D:2      | Reached skill level 3 in Axes
   806 | D:2      | Found a white marble altar of Elyvilon.
   981 | D:2      | Noticed Jessica
  1000 | D:2      | Killed Jessica
  1000 | D:2      | Reached XP level 5. HP: 33/33 MP: 5/5
  1453 | D:3      | Noticed a centaur
  1486 | D:3      | Gained mutation: Your spells are a little harder to cast,
                  | but a little more powerful. [potion of mutation]
  1486 | D:3      | Lost mutation: Your spells are a little harder to cast, but
                  | a little more powerful. [potion of mutation]
  1486 | D:3      | Gained mutation: Scrolls take you a little longer to read.
                  | [potion of mutation]
  1486 | D:3      | Gained mutation: You have large cloven feet. [potion of
                  | mutation]
  1489 | D:3      | Killed a centaur
  1489 | D:3      | Reached XP level 6. HP: 37/39 MP: 6/6
  1593 | D:3      | Found an iron altar of Okawaru.
  1857 | D:3      | Reached skill level 4 in Axes
  2124 | D:3      | Noticed Ijyb
  2162 | D:3      | Killed Ijyb
  2168 | D:3      | Found a basalt altar of Yredelemnul.
  2789 | D:4      | Reached XP level 7. HP: 40/44 MP: 7/7
  2831 | D:4      | Noticed Blork the orc
  2862 | D:4      | Killed Blork the orc
  2976 | D:4      | Reached skill level 5 in Shields
  3132 | D:4      | Found Neonlit's Distillery.
  3199 | D:4      | Reached skill level 5 in Fighting
  3199 | D:4      | Reached skill level 5 in Armour
  3214 | D:4      | Bought a potion of invisibility for 112 gold pieces
  3214 | D:4      | Bought a potion of curing for 42 gold pieces
  3482 | D:4      | Reached skill level 5 in Axes
  3606 | D:4      | Noticed a moth of wrath
  3609 | D:4      | Found a bloodstained altar of Trog.
  3923 | D:5      | Entered Level 5 of the Dungeon
  3930 | D:5      | Reached XP level 8. HP: 28/49 MP: 8/8
  4759 | D:5      | Found a staircase to the Ecumenical Temple.
  4869 | D:6      | Reached skill level 6 in Axes
  5079 | D:6      | Noticed p0werm0de's ghost (novice DDFi)
  5083 | D:6      | Noticed a queen bee
  5304 | D:4      | Bought a potion of heal wounds for 70 gold pieces
  5595 | D:6      | Reached XP level 9. HP: 55/55 MP: 9/9
  5624 | D:6      | Found a transporter.
  5628 | D:6      | Found a transporter.
  5846 | D:7      | Noticed Dowan
  5846 | D:7      | Noticed Duvessa
  5870 | D:7      | Killed Duvessa
  5877 | D:7      | Killed Dowan
  6244 | D:7      | Reached skill level 7 in Axes
  6439 | D:7      | Noticed Harold
  6532 | D:8      | You fall into a shaft and drop 3 floors!
  6605 | D:11     | Noticed a cyclops
  6626 | D:11     | Killed a cyclops
  6681 | D:11     | Noticed a cyan ugly thing
  6722 | D:11     | Killed a cyan ugly thing
  6895 | D:10     | Entered Level 10 of the Dungeon
  6910 | D:11     | HP: 1/57 [killer bee (6)]
  6916 | D:11     | Reached XP level 10. HP: 14/63 MP: 10/10
  7155 | D:11     | Reached skill level 8 in Axes
  7482 | D:9      | Noticed Erolcha
  7895 | D:10     | Found a hazy altar of Hepliaklqana.
  8134 | D:9      | Found a staircase to the Orcish Mines.
  8569 | D:8      | Found a sparkling altar of Nemelex Xobeh.
  8571 | D:8      | Found a blossoming altar of Fedhas.
  8826 | D:8      | Found a snail-covered altar of Cheibriados.
  9175 | D:9      | Killed Erolcha
  9175 | D:9      | Reached skill level 9 in Axes
  9175 | D:9      | Reached skill level 10 in Shields
  9225 | D:9      | Reached XP level 11. HP: 62/68 MP: 11/11
  9532 | D:9      | Noticed Maggie
  9554 | D:9      | Killed Maggie
  9670 | D:9      | Found a staircase to the Lair.
 10194 | D:9      | Noticed Maurice
 10211 | D:9      | Killed Maurice
 10211 | D:9      | Reached skill level 1 in Long Blades
 10434 | D:10     | Noticed Gastronok
 10527 | D:11     | Learned a level 1 spell: Apportation
 10530 | D:11     | Learned a level 1 spell: Animate Skeleton
 10725 | D:11     | Noticed a two-headed ogre
 11198 | D:12     | Noticed a two-headed ogre
 11207 | D:11     | Killed a two-headed ogre
 11343 | D:11     | Killed a two-headed ogre
 11343 | D:11     | Reached skill level 10 in Axes
 11673 | D:12     | Noticed a centaur warrior
 11705 | D:12     | Killed a centaur warrior
 11725 | D:12     | Reached XP level 12. HP: 39/76 MP: 12/12
 12173 | D:12     | Noticed Rupert
 12229 | Lair:1   | Entered Level 1 of the Lair of Beasts
 12462 | Lair:1   | Noticed a seven-headed hydra
 12474 | Lair:1   | Killed a seven-headed hydra
 12811 | Lair:1   | Noticed a five-headed hydra
 12821 | Lair:1   | Killed a one-headed hydra
 13059 | Lair:1   | Reached skill level 11 in Axes
 13073 | Lair:1   | Reached skill level 1 in Translocations
 13402 | Lair:1   | Identified 2 scrolls of acquirement
 13521 | Lair:2   | Reached skill level 10 in Fighting
 13721 | Lair:2   | Reached XP level 13. HP: 37/83 MP: 13/13
 14235 | Lair:2   | Reached skill level 12 in Axes
 14529 | Lair:3   | Reached skill level 1 in Evocations
 14580 | Lair:3   | Found a hole to the Spider Nest.
 14702 | Lair:3   | Found a shimmering blue altar of Sif Muna.
 14755 | Lair:3   | Found a staircase to the Swamp.
 14796 | Lair:3   | You fall into a shaft and drop 2 floors!
 14806 | Lair:5   | Found a staircase to the Slime Pits.
 15867 | Lair:6   | Entered Level 6 of the Lair of Beasts
 17320 | Lair:6   | Reached skill level 5 in Evocations
 17388 | Lair:6   | Reached skill level 13 in Axes
 17450 | Lair:6   | Found a hazy altar of Hepliaklqana.
 17544 | Lair:6   | Noticed Nessos
 17707 | Lair:6   | Gained mutation: Your large and strong wings let you fly
                  | indefinitely. [Gargoyle growth]
 17707 | Lair:6   | Reached XP level 14. HP: 71/90 MP: 18/18
 17784 | Lair:6   | Killed Nessos
 19346 | D:12     | Reached skill level 14 in Axes
 19739 | D:12     | Killed Rupert
 19739 | D:12     | Reached skill level 1 in Dodging
 19741 | D:12     | Noticed an azure jelly
 19741 | D:12     | an alligator snapping turtle changed into an azure jelly
 19744 | D:12     | an azure jelly changed into an alligator snapping turtle
 20270 | D:13     | Reached XP level 15. HP: 97/97 MP: 21/21
 20873 | D:13     | Got a blackened short sword
 21364 | D:13     | Reached skill level 15 in Axes
 21468 | D:13     | Found a stormy altar of Qazlal.
 22274 | D:14     | Lost mutation: You have large cloven feet. [potion of
                  | mutation]
 22274 | D:14     | Lost mutation: Scrolls take you a little longer to read.
                  | [potion of mutation]
 22274 | D:14     | Gained mutation: You are partially covered in thin metallic
                  | scales. (AC +2) [potion of mutation]
 22274 | D:14     | Gained mutation: You have a pair of small horns on your
                  | head. [potion of mutation]
 22274 | D:14     | Gained mutation: You have large cloven feet. [potion of
                  | mutation]
 22276 | D:14     | Lost mutation: You have large cloven feet. [potion of
                  | mutation]
 22276 | D:14     | Lost mutation: You have a pair of small horns on your head.
                  | [potion of mutation]
 22276 | D:14     | Gained mutation: Your natural rate of healing is unusually
                  | fast. [potion of mutation]
 22276 | D:14     | Gained mutation: Your magical capacity is low. (-10% MP)
                  | [potion of mutation]
 22276 | D:14     | Gained mutation: You have a pair of small horns on your
                  | head. [potion of mutation]
 22277 | D:14     | Lost mutation: You have a pair of small horns on your head.
                  | [potion of mutation]
 22277 | D:14     | Lost mutation: Your magical capacity is low. (-10% MP)
                  | [potion of mutation]
 22277 | D:14     | Lost mutation: Your natural rate of healing is unusually
                  | fast. [potion of mutation]
 22277 | D:14     | Gained mutation: You are dopey. (Int -2) [potion of
                  | mutation]
 22277 | D:14     | Gained mutation: You are robust. (+10% HP) [potion of
                  | mutation]
 22331 | D:14     | Found a glowing golden altar of the Shining One.
 22380 | D:14     | Found a gate to the Vaults.
 22426 | D:14     | Reached skill level 5 in Dodging
 23272 | D:15     | Entered Level 15 of the Dungeon
 23586 | D:15     | Reached skill level 16 in Axes
 23591 | D:15     | Reached XP level 16. HP: 96/114 MP: 22/22
 23829 | D:15     | Reached skill level 10 in Armour
 24787 | D:15     | Found a staircase to the Depths.
 25215 | D:10     | Killed Gastronok
 25349 | Orc:1    | Entered Level 1 of the Orcish Mines
 25385 | Orc:1    | Found Fuam's General Store.
 25411 | Orc:1    | Bought a potion of haste for 160 gold pieces
 25411 | Orc:1    | Bought a potion of mutation for 128 gold pieces
 25585 | Orc:2    | Entered Level 2 of the Orcish Mines
 25810 | Orc:2    | Found a staircase to the Elven Halls.
 26162 | Orc:2    | Reached skill level 5 in Translocations
 26374 | Orc:2    | Found Bawocoud's Jewellery Shop.
 26374 | Orc:2    | Found Tuiwoegh's Antique Weapon Shoppe.
 26515 | Orc:2    | Found Nurul's Antique Weapon Shoppe.
 26516 | Orc:2    | Found Cuigeemm's Antique Armour Boutique.
 26523 | Orc:2    | Bought a +4 ring of protection for 504 gold pieces
 26523 | Orc:2    | Bought a +4 ring of evasion for 504 gold pieces
 26535 | Orc:2    | Bought gold dragon scales for 3040 gold pieces
 26894 | Swamp:1  | Entered Level 1 of the Swamp
 27213 | Swamp:2  | You fall into a shaft and drop 1 floor!
 27213 | Swamp:3  | Noticed a thorn hunter
 27216 | Swamp:3  | Noticed Jorgrun
 27409 | Swamp:3  | Killed a thorn hunter
 27435 | Swamp:4  | Entered Level 4 of the Swamp
 27462 | Swamp:4  | Noticed a tentacled monstrosity
 27518 | Swamp:4  | Killed a tentacled monstrosity
 27551 | Swamp:4  | Noticed the 27-headed Lernaean hydra
 27559 | Swamp:4  | Got a decaying rune of Zot
 27560 | Swamp:4  | Quit the game

Illustrated notes

Levels and vault maps discovered:
D:1:      dpeg_arrival_short_road, layout_basic, minmay_box_of_dots
D:2:      layout_basic, elyvilon_altar_4, serial_glass, glass_columns_b,
          glass_columns_a, first_ration, hangedman_abyss_or_decor_lesser_grid,
          grunt_ministairs_2, uniq_jessica
D:3:      layout_basic, lemuel_zombie_altar_yredelemnul,
          okawaru_metal_pillars_1_2, uniq_ijyb
D:4:      layout_loops_ring, serial_shops, nicolae_shop_trees,
          minmay_misc_feat_secret_circle, tgw_trog, uniq_blork_the_orc
D:5:      layout_loops_ring, minmay_temple_entry_stoned_glass,
          kennysheep_generic_room_6
D:6:      layout_loops_cross, gammafunk_ghost_hive, minmay_strange_pillars,
          st_stairs_8
D:7:      layout_basic, uniq_harold, uniq_duvessa
D:8:      layout_basic, chequers_temple_overflow_statue_of_worship, basic_altar
D:9:      layout_gridville, david_lair_generic, david_orc_2, uniq_maggie,
          uniq_maurice, uniq_erolcha
D:10:     layout_cave_pools, basic_altar, minivault_7, uniq_gastronok
D:11:     layout_basic
D:12:     minmay_dotted_concentric_squares, layout_basic, grunt_pizzeria,
          small_statue_intersection, uniq_rupert
D:13:     layout_cave_pools, grunt_qazlal_sundering
D:14:     minmay_bubble_buster, layout_irregular_city,
          lightli_vaults_fourway_checkpoint, nicolae_tso_carved_into_rock,
          grunt_tough_drop
D:15:     gammafunk_depths_entry_grave, layout_irregular_city,
          roderic_serpentine_path
Lair:1:   layout_misc_corridors, st_stairs_4, infiniplex_staircase_pool_2
Lair:2:   layout_chaotic_city, grunt_megastairs_4, lemuel_fruit_tree,
          lemuel_fruit_fields
Lair:3:   layout_roguey, swamp_mist, nicolae_spider_entry_non_spiders,
          basic_altar, beast_lair_carwin_10, infiniplex_staircase_pool,
          serial_bayou_shore_b, serial_bayou_shore_a
Lair:4:   layout_concentric_octagons, grunt_megastairs_5, serial_bayou_shore_b
Lair:5:   dpeg_oklob_gauntlet, layout_cave_pods, dpeg_slime_entry_corner,
          serial_bayou_shore_b
Lair:6:   guppyfry_lair_end_dragon, layout_loops_ring,
          hangedman_lair_tendril_chambers, lemuel_oklob_altar, uniq_nessos
Swamp:1:  layout_basic_swamp, evilmike_swamp_ruin_house_4
Swamp:2:  layout_basic_swamp, evilmike_swamp_ruin_house_1
Swamp:3:  cheibrodos_swamp_heart_of_darkness, layout_basic_swamp,
          nicolae_swamp_very_dense_foliage, uniq_jorgrun
Swamp:4:  swamp_basic_johnstein, layout_basic_swamp, gammafunk_ghost_hydra_chop,
          swamp_pool1
Orc:1:    layout_diamond_mine, serial_shops, nicolae_shop_stone, sword_in_stone
Orc:2:    st_orc_ogre_mass, layout_diamond_mine

Skill      XL: |  1  2  3  4  5  6  7  8  9 10 11 12 13 14 15 16 |
---------------+-------------------------------------------------+-----
Axes           | 2 3 4 5 6 7 9 10 11 13 14 16 | 16.9
Fighting       | 4 5 6 7 8 9 10 11 12 13 | 13.0
Shields        | 4 5 6 8 10 11 12 | 12.0
Armour         | 4 5 6 7 8 9 11 | 11.1
Long Blades    | 2 3 |  3.9
Translocations | 3 5 |  5.7
Evocations     | 5 8 9 |  9.3
Dodging        | 2 5 6 |  6.0

Action                   |  1- 3 |  4- 6 |  7- 9 | 10-12 | 13-15 | 16-18 || total
-------------------------+-------+-------+-------+-------+-------+-------++-------
Melee: War axe           |    87 |       |   447 |   372 |       |       ||   906
       Hand axe          |       |   405 |   112 |   468 |       |       ||   985
       Kick              |       |    42 |   160 |   236 |   257 |       ||   695
       Broad axe         |       |       |       |    58 |  1040 |   411 ||  1509
       Morningstar       |       |       |       |    20 |       |       ||    20
       Scimitar          |       |       |       |     7 |    40 |     9 ||    56
Throw: Throwing net      |       |       |       |       |     1 |       ||     1
 Abil: Evoke Invisibilit |       |       |       |       |     7 |     3 ||    10
       Fly               |       |       |       |       |       |     1 ||     1
Evoke: Wand              |       |       |       |     1 |    12 |    10 ||    23
       Lightning rod     |       |       |       |       |     3 |       ||     3
  Use: Scroll            |       |    10 |     8 |    13 |    11 |     5 ||    47
       Potion            |       |     2 |     4 |     2 |     3 |    11 ||    22
 Stab: Invisible         |       |       |     1 |     7 |    19 |     6 ||    33
       Paralysed         |       |       |       |       |     5 |       ||     5
       Held in net/web   |       |       |       |       |     1 |       ||     1
       Sleeping          |       |       |       |       |       |    41 ||    41
  Eat: Chunk             |       |     7 |    14 |    18 |    29 |    13 ||    81
       Ration            |       |       |       |     5 |     2 |       ||     7
Armor: Scale mail        |    50 |   280 |   208 |       |       |       ||   538
       Chain mail        |       |       |   142 |   224 |   545 |   108 ||  1019
       Plate armour      |       |       |       |   360 |       |       ||   360
       Gold dragon scale |       |       |       |       |       |   102 ||   102
Dodge: Dodged            |    27 |   159 |   160 |   233 |   262 |   103 ||   944
Block: Kite shield       |    46 |   265 |   337 |   608 |   929 |   364 ||  2549
       Reflection        |       |       |       |       |    36 |     8 ||    44
       Rpst.: Scimitar   |       |       |       |     1 |     3 |     1 ||     5
